 Dungeon Crawl Stone Soup version 0.28-a0-1555-g9ae15a6949 (webtiles) character file.

Game seed: 15415157636171683189

4367 funkygono the Firebug (level 10, -5/76 HPs)
             Began as a Human Cinder Acolyte on Jan 18, 2022.
             Was an Initiate of Ignis.
             Slain by an orc knight (11 damage)
             ... summoned by a kobold
             ... in a bailey.
             The game lasted 00:18:10 (9719 turns).

funkygono the Firebug (Human Cinder Acolyte)        Turns: 9719, Time: 00:18:11

Health: -5/76      AC: 12    Str: 20    XL:     10   Next: 60%
Magic:  18/18      EV: 11    Int: 14    God:    Ignis [......]
Gold:   278        SH:  5    Dex:  8    Spells: 16/20 levels left

rFire   + + .      SeeInvis .   a - +0 falchion (flame)
rCold   + . .      Faith    .   (no shield)
rNeg    . . .      Spirit   .   z - +3 ring mail "Uxeut" {rF+}
rPois   .          Reflect  +   (no helmet)
rElec   .          Harm     .   o - +1 cloak
rCorr   .          Rampage  .   B - +0 pair of gloves
Will    .....                   (no boots)
Stlth   ..........              q - amulet of reflection
HPRegen 0.22/turn               s - ring of protection from cold
MPRegen 0.16/turn               (no ring)

@: mighty
A: no striking features
a: Renounce Religion, Rising Flame


You were in a bailey.
You worshipped Ignis.
Ignis was noncommittal.
You visited 1 branch of the dungeon, and saw 8 of its levels.
You also visited: Bailey.

You collected 278 gold pieces.

Inventory:

Hand Weapons
 a - a +0 falchion of flaming (weapon)
 l - a +5 short sword
 w - a +4 quarterstaff of chaos
Missiles
 c - 213 stones (quivered)
Armour
 b - +0 steam dragon scales
 g - a +0 ring mail
 o - a +1 cloak (worn)
 v - a +2 leather armour of fire resistance
 z - the +3 ring mail "Uxeut" (worn) {rF+}
   (You found it on level 6 of the Dungeon)

   rF:        It protects you from fire.
 A - the +1 robe "Kuboda" {rElec}
   (You found it on level 6 of the Dungeon)

   rElec:     It insulates you from electricity.
 B - a +0 pair of gloves (worn)
 E - the +1 scale mail of Undesirable Species {rPois rF+}
   (You found it on level 7 of the Dungeon)

   rF:        It protects you from fire.
   rPois:     It protects you from poison.
Jewellery
 q - an amulet of reflection (around neck)
 s - a ring of protection from cold (left hand)
Wands
 i - a wand of flame (4)
 r - a wand of mindburst (20)
 t - a wand of digging (8)
 y - a wand of iceblast (31)
Scrolls
 e - 4 scrolls of immolation
 k - 6 scrolls of teleportation
 u - 5 scrolls of holy word
Potions
 f - 2 potions of brilliance {unknown}
 h - 2 potions of heal wounds
 j - 3 potions of curing {unknown}
 m - a potion of mutation {unknown}
 n - 2 potions of haste
 p - 3 potions of flight {unknown}
 x - 2 potions of degeneration {unknown}


   Skills:
 * Level 5.9 Fighting
 * Level 4.8(6.2) Short Blades
 + Level 6.0(6.8) Long Blades
 * Level 5.7 Armour
 * Level 4.7 Dodging
 + Level 2.1 Shields
 + Level 5.6 Spellcasting
 + Level 6.7 Fire Magic


You had 16 spell levels left.
You knew the following spells:

 Your Spells              Type           Power      Damage    Failure   Level
a - Scorch                Fire           44%        2d7       2%          2
b - Blink                 Tloc           6%         N/A       38%         2

Your spell library contained the following spells:

 Spells                   Type           Power      Damage    Failure   Level
 Apportation              Tloc           6%         N/A       26%         1
 Lesser Beckoning         Tloc           3%         N/A       63%         3
 Ozocubu's Armour         Ice            3%         N/A       63%         3
 Alistair's Intoxication  Tmut/Pois      2%         N/A       100%        5
 Manifold Assault         Tloc           3%         N/A       100%        5
 Ozocubu's Refrigeration  Ice            1%         4d5       100%        7


Dungeon Overview and Level Annotations

Branches:
Dungeon (8/15)             Temple (0/1) D:7          Bailey (1/1)
   Lair: D:8-11

Altars:
Makhleb
Nemelex Xobeh
Ru
Sif Muna
Trog
Uskayaw
Xom

Annotations:
D:5 1 transporter


Message History

There is an open door, spattered with blood here.
The orc knight roars a battlecry!
The orc goes into a battle-frenzy!
The orc wizard mumbles some strange words.
The orc wizard flickers and vanishes!
Deactivating autopickup; reactivate with Ctrl-A.
You feel much better.
The orc no longer looks unusually strong.
The orc barely misses you. The warg bites you.
The orc wizard mumbles some strange words.
The orc wizard flickers and vanishes!
The orc knight roars a battlecry!
The orc goes into a battle-frenzy!
The warg barely misses you.
The orc warrior no longer looks unusually strong.
The orc hits you but does no damage.
The orc knight roars a battlecry!
The orc warrior goes into a battle-frenzy!
You feel very mighty all of a sudden. The warg barely misses you.
You block the orc's attack.
You barely miss the warg. The warg bites you!
* * * LOW HITPOINT WARNING * * *
You block the orc's attack.
Unknown command.
You hit the warg but do no damage. The warg closely misses you.
You block the orc's attack.
The orc knight roars a battlecry!
The warg bites you but does no damage.
You slash the warg! You burn the warg.
The warg is heavily wounded.
The orc dissolves into shadows!
You block the warg's attack.
Unknown command.
You slash the warg! You burn the warg.
The warg is almost dead.
Reactivating autopickup.
You block the warg's attack.
The orc warrior hits you with a +2 mace of pain!
* * * LOW HITPOINT WARNING * * *
The orc knight hits you with a +0 great sword!
You die...

♣≈≈##......# ≈≈≈#
♣...##.....#≈"...
♣....##..(.#≈?...
♣♣.....#(...##8.8.
♣......'.....#....
♣∩.∩).)(.....#....
♣.....(((....#o...
♣♣.....#(...##8.8.
♣....##.@o.#≈!...
♣...##..ho.#≈[...
♣≈≈##...Kh.##≈≈≈#
♣≈≈#.......o#########...
♣≈≈#..8..8....'..{g.o...
♣≈≈#..........#hogK≈#...
##.........#≈≈o≈≈#
##...8...##≈≈≈≈≈#
##.....##.......#


You could see an orc warlord, an orc knight (summoned), 2 wargs, 2 orc warriors
and a kobold.

Vanquished Creatures
  An ugly thing (D:8)
  Maggie (D:7)
  A wraith (D:5)
  A vampire (D:7)
  2 steam dragons (D:8)
  An acid dragon (D:8)
  A water moccasin (D:6)
  2 orc warriors
  2 ice beasts (D:5)
  2 necrophages
  5 ogres
  A black bear (D:3)
  A sky beast (D:7)
  A centaur (D:7)
  Blork the orc (D:4)
  3 bullfrogs
  3 scorpions
  2 howler monkeys (D:7)
  3 vampire bats (D:7)
  A centaur zombie (D:8)
  3 gnoll shamans
  4 hounds
  3 jellies
  An orc priest (D:8)
  A bullfrog skeleton (D:5)
  Crazy Yiuf (D:4)
  2 centaur skeletons
  3 iguanas
  Ijyb (D:4)
  7 orc wizards
  A killer bee zombie (D:8)
  13 gnolls
  8 adders
  A shadow imp (D:8)
  4 worms
  3 dart slugs
  25 orcs
  8 endoplasms
  3 giant cockroaches
  11 goblins
  10 hobgoblins
  19 kobolds
  4 quokkas
  10 ball pythons
  14 bats
  3 frilled lizards
  8 rats
206 creatures vanquished.

Vanquished Creatures (others)
  An orc (D:8)
1 creature vanquished.

Grand Total: 207 creatures vanquished

Notes
Turn   | Place    | Note
-------+----------+-------------------------------------------
     0 | D:1      | funkygono the Human Cinder Acolyte began the quest for the
                  | Orb.
     0 | D:1      | Reached XP level 1. HP: 18/18 MP: 2/2
   154 | D:1      | Reached XP level 2. HP: 24/24 MP: 3/3
   290 | D:1      | Reached XP level 3. HP: 29/29 MP: 4/4
   293 | D:1      | Learned a level 2 spell: Scorch
  1274 | D:2      | Reached XP level 4. HP: 35/35 MP: 1/5
  1639 | D:2      | Found a shimmering blue altar of Sif Muna.
  2184 | D:3      | Found a bloodstained altar of Trog.
  2359 | D:3      | Noticed a black bear
  2455 | D:3      | Killed a black bear
  2456 | D:3      | Reached XP level 5. HP: 39/41 MP: 0/8
  2871 | D:3      | Reached XP level 6. HP: 47/47 MP: 4/9
  3367 | D:3      | Found a faded altar of an unknown god.
  3406 | D:3      | Noticed an ogre
  3409 | D:3      | Killed an ogre
  3410 | D:3      | Reached skill level 1 in Armour
  4072 | D:4      | Noticed Ijyb
  4095 | D:4      | Killed Ijyb
  4096 | D:4      | Reached XP level 7. HP: 48/52 MP: 4/11
  4370 | D:4      | Found a sacrificial altar of Ru.
  4376 | D:4      | Reached skill level 1 in Dodging
  4498 | D:4      | Noticed Blork the orc
  4512 | D:4      | Killed Blork the orc
  4513 | D:4      | Reached skill level 1 in Short Blades
  4618 | D:4      | Found a runed translucent door.
  4619 | D:4      | Noticed Crazy Yiuf
  4626 | D:4      | Killed Crazy Yiuf
  4929 | D:5      | Entered Level 5 of the Dungeon
  4940 | D:5      | Reached skill level 5 in Fire Magic
  4945 | D:5      | Reached XP level 8. HP: 60/60 MP: 10/13
  5107 | D:5      | Found a hide-covered altar of Uskayaw.
  5887 | D:5      | Found a sparkling altar of Nemelex Xobeh.
  5887 | D:5      | Found a transporter.
  5887 | D:5      | Noticed a kobold demonologist
  5905 | D:5      | Learned a level 2 spell: Blink
  5933 | D:6      | Noticed a wraith
  5953 | D:5      | HP: 2/61 [wraith (10)]
  5955 | D:5      | Killed a wraith
  5956 | D:5      | Reached skill level 5 in Long Blades
  5956 | D:5      | Reached XP level 9. HP: 2/66 MP: 9/15
  6890 | D:6      | Identified the +3 ring mail "Uxeut" {rF+}
  6997 | D:6      | Found a shimmering altar of Xom.
  7024 | D:6      | Identified the +1 robe "Kuboda" {rElec}
  7242 | D:7      | Reached skill level 5 in Fighting
  7479 | D:7      | Reached skill level 5 in Spellcasting
  7580 | D:7      | Noticed Maggie
  7583 | D:7      | Reached skill level 1 in Shields
  7593 | D:7      | Killed Maggie
  7939 | D:7      | Reached XP level 10. HP: 74/74 MP: 10/17
  8250 | D:7      | Identified the +1 scale mail of Undesirable Species {rPois
                  | rF+}
  8373 | D:7      | Found a staircase to the Ecumenical Temple.
  8750 | D:7      | Reached skill level 5 in Armour
  9234 | D:8      | Noticed a purple ugly thing
  9249 | D:8      | Killed a purple ugly thing
  9406 | D:8      | Found a burning altar of Makhleb.
  9406 | D:8      | Noticed a balrug
  9585 | D:8      | Found a flagged portal.
  9604 | Bailey   | Entered a bailey
  9623 | Bailey   | Noticed an orc warlord
  9694 | Bailey   | Noticed an orc knight
  9719 | Bailey   | Slain by an orc knight

Illustrated notes

Levels and vault maps discovered:
D:1:      heliophobic_arrival_henge, layout_basic, minivault_23, hex_large
D:2:      layout_rooms, basic_altar
D:3:      wad_river_or_something, layout_loops_ring,
          mainiacjoe_overflow_surrounded_room, serial_rivers,
          chequers_serial_rivers_micro_a, chequers_serial_rivers_large_b,
          chequers_serial_rivers_micro_d, chequers_serial_rivers_large_a,
          shapermc_ecumenical_altar_ellora
D:4:      layout_rooms, nicolae_ru_great_annihilating_truth,
          uniq_crazy_yiuf_cottage, uniq_blork_the_orc, uniq_ijyb
D:5:      minmay_recursive_quarters, layout_basic,
          mainiacjoe_overflow_small_starburst, grunt_nemelex_the_gamble
D:6:      layout_basic, general_overflow_altar
D:7:      layout_rooms, minmay_temple_entry_junction_2, supply_closet_lemuel,
          roderic_batcave, uniq_maggie
D:8:      layout_cave_pools, makhleb_altar_promises_db, enter_bailey_3
Bailey:   bailey_axe_bossmonster_kennysheep, bailey

Skill      XL: |  1  2  3  4  5  6  7  8  9 10 |
---------------+-------------------------------+-----
Long Blades    | 4 5 6 |  6.0
Spellcasting   | 2 3 4 5 |  5.6
Fire Magic     | 4 5 6 |  6.7
Armour         | 2 3 4 5 |  5.7
Dodging        | 1 2 3 4 |  4.7
Short Blades   | 1 2 3 4 |  4.8
Fighting       | 4 5 |  5.9
Shields        | 1 2 |  2.1

Action                   |  1- 3 |  4- 6 |  7- 9 | 10-12 || total
-------------------------+-------+-------+-------+-------++-------
Melee: Falchion          |    30 |    63 |   207 |   179 ||   479
       Punch             |       |     1 |     2 |     2 ||     5
 Cast: Scorch            |    12 |    50 |    65 |    29 ||   156
Invok: Fiery Armour      |     1 |     2 |     6 |     4 ||    13
  Use: Scroll            |     2 |     1 |     6 |     2 ||    11
       Potion            |       |       |       |     4 ||     4
Armor: Robe              |    11 |       |       |       ||    11
       Ring mail         |       |    42 |    82 |    97 ||   221
       Leather armour    |       |       |    12 |       ||    12
Dodge: Dodged            |    17 |    37 |   123 |   120 ||   297
Block: Other             |       |       |    46 |    53 ||    99

Table legend: (Time is in decaauts)
 A = Elapsed time spent in this place.
 B = Non-inter-level travel time spent in this place.
 C = Inter-level travel time spent in this place.
 D = Time resting spent in this place.
 E = Time spent auto-exploring this place.
 F = Levels seen in this place.
 G = Mean time per level.
                   A        B        C        D        E       F      G
               +--------+--------+--------+--------+--------+-----+--------+
         Total |   9784 |   9599 |    185 |   1280 |   6422 |   9 | 1087.1 |
       Dungeon |   9670 |   9485 |    185 |   1280 |   6381 |   8 | 1208.8 |
        Bailey |    113 |    113 |      0 |      0 |     41 |   1 |  113.0 |
               +--------+--------+--------+--------+--------+-----+--------+

Top non-repeatable levels by time:
     D:3: 1966 daAuts
     D:7: 1455 daAuts
     D:6: 1406 daAuts
     D:5: 1332 daAuts
     D:4: 1096 daAuts
     D:1: 1006 daAuts
     D:2: 920 daAuts
     D:8: 486 daAuts
  Bailey: 113 daAuts
